 Dungeon Crawl Stone Soup version 0.27-a0-883-g39567a0c06 (webtiles) character file.

Game seed: 14059160950574688337

6794 MirrMurr the Covert (level 10, -14/50 HPs)
             Began as a Spriggan Enchanter on Apr 3, 2021.
             Was an Elder of Yredelemnul.
             Shot with an arrow by a centaur warrior (19 damage)
             ... on level 10 of the Dungeon.
             The game lasted 00:37:59 (14094 turns).

MirrMurr the Covert (Spriggan Enchanter)           Turns: 14094, Time: 00:38:00

Health: -14/50     AC: 10    Str:  7    XL:     10   Next: 76%
Magic:  5/17       EV: 29    Int: 21    God:    Yredelemnul [****..]
Gold:   967        SH:  5    Dex: 16    Spells: 9/17 levels left

rFire    . . .     SeeInvis +   a - +5 dagger (venom)
rCold    . . .     Faith    .   (shield restricted)
rNeg     . . .     Spirit   .   y - +1 robe
rPois    +         Reflect  +   (helmet restricted)
rElec    .         Harm     .   v - +2 cloak
rCorr    .         Rampage  .   (gloves unavailable)
Will     +....                  (boots unavailable)
Stlth    +++++.....             e - amulet of Xom's Wantonness {Reflect rPois Int+4 SH+5}
HPRegen  0.16/turn              c - +4 ring of protection
MPRegen  0.15/turn              I - +4 ring of evasion

@: very quick
A: very small, no large weapons, unfitting armour, see invisible, speed 3
a: Renounce Religion, Recall Undead Slaves, Injury Mirror, Animate Dead, Drain
Life


You were on level 10 of the Dungeon.
You worshipped Yredelemnul.
Yredelemnul was greatly pleased with you.
You visited 2 branches of the dungeon, and saw 11 of its levels.
You also visited: Ossuary.

You collected 1562 gold pieces.
You spent 595 gold pieces at shops.

Inventory:

Hand Weapons
 a - a +5 dagger of venom (weapon)
 b - the +2 hunting sling of Itroirch {venom, rN+}
   (You bought it in a shop on level 8 of the Dungeon)

   It poisons the ammo it fires.
   It protects you from negative energy.
 z - a +5 dagger
Missiles
 g - 30 poisoned darts
 h - 283 stones (quivered)
 r - 54 sling bullets
 G - a throwing net
Armour
 v - a +2 cloak (worn)
 y - a +1 robe (worn)
Jewellery
 c - a +4 ring of protection (left hand)
 e - the amulet of Xom's Wantonness (around neck) {Reflect rPois Int+4 SH+5}
   (You acquired it on level 3 of the Dungeon)

   [amulet of reflection]

   It reflects blocked missile attacks.
   It affects your intelligence (+4).
   It protects you from poison.
   It affects your SH (+5).
 p - a ring of resist corrosion
 C - a ring of ice
 I - a +4 ring of evasion (right hand)
Wands
 o - a wand of digging (6)
 q - a wand of acid (10)
 w - a wand of paralysis (22)
 E - a wand of iceblast (19)
 H - a wand of random effects (24)
 J - a wand of mindburst (15)
Scrolls
 d - 3 scrolls of teleportation
 i - a scroll of fog
 n - 2 scrolls of magic mapping
 A - 2 scrolls of immolation
 F - 2 scrolls of silence
Potions
 f - a potion of haste
 j - 6 potions of curing
 k - a potion of resistance {unknown}
 l - 2 potions of heal wounds
 m - a potion of flight
 s - a potion of brilliance {unknown}
 t - 2 potions of cancellation {unknown}
 u - a potion of mutation {unknown}
 x - a potion of magic {unknown}
 B - 5 potions of lignification


   Skills:
 + Level 4.2 Fighting
 + Level 8.2 Short Blades
 + Level 12.1 Dodging
 + Level 12.2 Stealth
 + Level 4.4 Spellcasting
 + Level 8.2 Hexes


You had 9 spell levels left.
You knew the following spells:

 Your Spells              Type           Power      Damage    Failure   Level
a - Ensorcelled Hibernat  Hex/Ice        44%        N/A       3%          2
b - Confusing Touch       Hex            39%        N/A       1%          3
c - Tukima's Dance        Hex            39%        N/A       1%          3

Your spell library contained the following spells:

 Spells                   Type           Power      Damage    Failure   Level
 Corona                   Hex            43%        N/A       1%          1
 Dazzling Flash           Conj/Hex       44%        N/A       6%          3


Dungeon Overview and Level Annotations

Branches:
Dungeon (10/15)            Temple (1/1) D:7         Ossuary (visited)
   Lair: D:8-11         Orc: D:9-12

Altars:
Ashenzari
Cheibriados
Dithmenos
Elyvilon
Fedhas
Gozag
Hepliaklqana
Kikubaaqudgha
Makhleb
Nemelex Xobeh
Okawaru
Qazlal
Ru
Sif Muna
Trog
Uskayaw
Vehumet
Wu Jian
Xom
Yredelemnul
Zin
The Shining One

Shops:
D:2 !   D:3 *   D:8 (

Annotations:
D:4 2 runed translucent doors, xkalkas's ghost, amateur MiFi


Innate Abilities, Weirdness & Mutations

You are very small and have problems with some larger weapons.
You are too small for most types of armour.
You have supernaturally acute eyesight. (SInv)
You cover ground extremely quickly. (Speed+++)


Message History

Press: ? - help, Shift-Dir - straight line, f - troll
Aim: a troll (chance to affect: 50%)
The troll resists with some effort.
Casting: Ensorcelled Hibernation (safe; 3% risk of failure)
Confirm with . or Enter, or press ? or * to list all spells.
Aiming: Ensorcelled Hibernation (safe; 3% risk of failure)
Press: ? - help, Shift-Dir - straight line, f/p - troll
Aim: a troll (chance to affect: 50%)
The troll resists with some effort.
The troll completely misses you. The troll claws you.
The troll closely misses you.
Your wight hits the troll with a +2 trident!
Casting: Ensorcelled Hibernation (safe; 3% risk of failure)
Confirm with . or Enter, or press ? or * to list all spells.
Aiming: Ensorcelled Hibernation (safe; 3% risk of failure)
Press: ? - help, Shift-Dir - straight line, f/p - troll
Aim: a troll (moderately wounded, ally target, chance to affect: 50%)
The troll looks drowsy...
Your wight hits the troll with a +2 trident!!
Your wight drains the troll.
The troll dies!
Yredelemnul accepts your kill.
Unknown command.
Casting: Ensorcelled Hibernation (safe; 3% risk of failure)
Confirm with . or Enter, or press ? or * to list all spells.
Aiming: Ensorcelled Hibernation (safe; 3% risk of failure)
Press: ? - help, Shift-Dir - straight line, f - centaur warrior
Aim: a centaur warrior, wielding a +0 shortbow and quivering arrows (chance to affect: 34%)
The centaur warrior easily resists.
The centaur warrior shoots an arrow.
The arrow hits you!!
* * * LOW HITPOINT WARNING * * *
The centaur warrior shoots an arrow.
The arrow barely misses you.
Casting: Ensorcelled Hibernation (safe; 3% risk of failure)
Confirm with . or Enter, or press ? or * to list all spells.
Aiming: Ensorcelled Hibernation (safe; 3% risk of failure)
Press: ? - help, Shift-Dir - straight line, f/p - centaur warrior
Aim: a centaur warrior, wielding a +0 shortbow and quivering arrows (chance to affect: 34%)
The centaur warrior easily resists.
The centaur warrior shoots an arrow.
The arrow hits you!!
You die...
Your body rises from the dead as a mindless zombie.

#.# ### ......#.#
#.. .....#.#######
#.# ....#.......#
#.# ...#.......#
#.# ## ..#.......#
#.# #.
#.#.......####'###.
#.#.............##.
#.@z#####..........
##.## #........##
#c## #..........
#..# ######'####
##'## #.# #...# #.#
#.c...# #.#
#..♣.♣..# #.####
#...>...# #.z...


You could see a centaur warrior and a friendly wight.

Vanquished Creatures
  Harold (D:7)
  2 two-headed ogres (D:8)
  A troll (D:9)
  Grinder (D:3)
  2 wyverns (D:9)
  3 yaks (D:8)
  Eustachio (D:4)
  A water moccasin (D:8)
  An ice beast (D:5)
  2 sky beasts
  2 black bears (D:6)
  An orc warrior (D:9)
  3 necrophages
  An ogre (D:6)
  2 centaurs
  A phantom (D:5)
  2 elf zombies (Ossuary)
  3 bullfrogs
  A gnoll sergeant (D:6)
  A scorpion (D:5)
  2 water moccasin zombies
  2 howler monkeys (D:7)
  8 wights
  A vampire bat (D:7)
  An electric eel (D:7)
  5 centaur zombies
  A human zombie (Ossuary)
  3 jellies
  A gnoll shaman (D:7)
  5 orc priests
  A centaur skeleton (D:6)
  Ijyb (D:4)
  3 iguanas
  3 orc wizards
  A scorpion zombie (D:5)
  Terence (D:3)
  A hound zombie (Ossuary)
  A hound skeleton (D:4)
  4 mummies
  A howler monkey skeleton (D:7)
  5 howler monkey zombies
  5 gnolls
  4 adders
  2 shadow imps
  An ufetubus (D:6)
  5 adder zombies (Ossuary)
  2 worms
  A dart slug (D:4)
  19 orcs
  2 bat skeletons (D:7)
  3 bat zombies (D:7)
  2 endoplasms
  3 giant cockroaches
  A gnoll zombie (Ossuary)
  2 goblins (D:2)
  6 hobgoblins
  8 jackals
  A quokka (D:4)
  5 ball pythons
  3 bats
  4 frilled lizards
  2 goblin zombies (Ossuary)
  4 hobgoblin zombies (Ossuary)
  4 jackal zombies (Ossuary)
  2 kobolds
  3 kobold zombies (Ossuary)
  An orc zombie (Ossuary)
  3 quokka zombies (Ossuary)
  6 rats
  4 rat zombies (Ossuary)
  A butterfly (D:7)
192 creatures vanquished.

Vanquished Creatures (collateral kills)
  A troll (D:10)
  A wyvern skeleton (D:5)
  4 wights
  3 gnolls
  4 orcs
  A goblin (D:1)
  A jackal (D:1)
  A ball python (D:3)
16 creatures vanquished.

Vanquished Creatures (others)
  6 dancing weapons
  A shadow (D:10)
  A water moccasin zombie (D:8)
  An orc (D:5)
  A black bear zombie (D:6)
  An adder zombie (D:4)
  A frilled lizard zombie (D:3)
  4 gnoll zombies (D:7)
  4 jackal zombies
  2 necrophage skeletons (D:8)
  An orc skeleton (D:5)
  7 orc zombies
  A rat zombie (D:1)
  3 plants (D:3)
34 creatures vanquished.

Grand Total: 242 creatures vanquished

Notes
Turn   | Place    | Note
-------+----------+-------------------------------------------
     0 | D:1      | MirrMurr the Spriggan Enchanter began the quest for the
                  | Orb.
     0 | D:1      | Reached XP level 1. HP: 9/9 MP: 5/5
   261 | D:1      | Found a faded altar of an unknown god.
   360 | D:1      | Became a worshipper of Yredelemnul the Dark
   360 | D:1      | Reached * piety under Yredelemnul
   450 | D:1      | Reached XP level 2. HP: 13/13 MP: 6/6
   528 | D:1      | Reached skill level 5 in Stealth
   902 | D:1      | Learned a level 2 spell: Ensorcelled Hibernation
  1144 | D:2      | Found Usuaqiy's Distillery.
  1174 | D:2      | Bought a potion of curing for 36 gold pieces
  1174 | D:2      | Bought a potion of heal wounds for 60 gold pieces
  1257 | D:2      | Reached XP level 3. HP: 5/16 MP: 1/8
  1571 | D:4      | Found a large runed translucent door.
  1571 | D:4      | Found a large runed translucent door.
  1572 | D:4      | Noticed xkalkas's ghost (amateur MiFi)
  1596 | D:3      | Noticed Ijyb
  1630 | D:3      | Found Leteduh's Assorted Antiques.
  2088 | D:2      | Reached XP level 4. HP: 10/21 MP: 4/9
  2838 | D:2      | Reached ** piety under Yredelemnul
  3158 | D:3      | Identified a scroll of acquirement
  3158 | D:3      | Acquired the amulet of Xom's Wantonness {Reflect rPois
                  | Int+4 SH+5}
  3245 | D:3      | Noticed Grinder
  3362 | D:2      | Learned a level 3 spell: Confusing Touch
  3363 | D:3      | Paralysed by Grinder for 2 turns
  3368 | D:3      | Paralysed by Grinder for 5 turns
  3673 | D:3      | Paralysed by Grinder for 2 turns
  3792 | D:3      | Killed Grinder
  3793 | D:3      | Reached XP level 5. HP: 24/24 MP: 7/10
  3793 | D:3      | Reached XP level 6. HP: 28/28 MP: 7/11
  3797 | D:3      | Learned a level 3 spell: Tukima's Dance
  3823 | D:3      | Noticed Terence
  3831 | D:3      | Killed Terence
  3832 | D:3      | Reached skill level 5 in Short Blades
  3843 | D:3      | Found an iron altar of Okawaru.
  4491 | D:4      | Killed Ijyb
  4790 | D:4      | Noticed Eustachio
  4817 | D:4      | Killed Eustachio
  4818 | D:4      | Reached skill level 5 in Hexes
  4884 | D:4      | Found a shadowy altar of Dithmenos.
  4991 | D:4      | Reached XP level 7. HP: 32/32 MP: 6/13
  5291 | D:5      | Entered Level 5 of the Dungeon
  6886 | D:5      | Found a radiant altar of Vehumet.
  6893 | D:5      | Reached skill level 1 in Fighting
  6893 | D:5      | Reached XP level 8. HP: 37/37 MP: 15/15
  7213 | D:6      | Reached *** piety under Yredelemnul
  7214 | D:6      | Reached skill level 5 in Dodging
  8837 | D:7      | Found a sand-covered staircase.
  8842 | Ossuary  | Entered an ossuary
  8892 | Ossuary  | Reached XP level 9. HP: 44/45 MP: 13/16
  9006 | Ossuary  | Acquired 948 gold pieces
  9250 | Ossuary  | Reached **** piety under Yredelemnul
 10194 | D:7      | Received a gift from Yredelemnul (a mummy)
 10575 | D:7      | Found an ancient bone altar of Kikubaaqudgha.
 10687 | D:7      | Found a staircase to the Ecumenical Temple.
 10692 | Temple   | Entered the Ecumenical Temple
 10918 | D:7      | Found an ancient bone altar of Kikubaaqudgha.
 10956 | D:7      | Found a sacrificial altar of Ru.
 11359 | D:8      | Noticed a two-headed ogre
 11366 | D:8      | Killed a two-headed ogre
 11367 | D:8      | Reached skill level 10 in Dodging
 11367 | D:8      | Reached skill level 10 in Stealth
 11405 | D:8      | Reached XP level 10. HP: 49/49 MP: 12/17
 11509 | D:8      | Found a shimmering blue altar of Sif Muna.
 11656 | D:8      | Noticed Harold
 11659 | D:8      | Noticed a two-headed ogre
 12029 | D:7      | Killed Harold
 12029 | D:7      | Received a gift from Yredelemnul (a wight)
 12349 | D:8      | Killed a two-headed ogre
 12541 | D:8      | Found Rojicva's Antique Weapon Shoppe.
 12550 | D:8      | Bought a crystal hunting sling for 175 gold pieces
 12550 | D:8      | Identified the +2 hunting sling of Itroirch {venom, rN+}
                  | (You bought it in a shop on level 8 of the Dungeon)
 12550 | D:8      | Bought a runed dagger for 135 gold pieces
 12550 | D:8      | Bought a glowing rapier for 189 gold pieces
 13443 | D:10     | Entered Level 10 of the Dungeon
 14076 | D:10     | Noticed a centaur warrior
 14094 | D:10     | Shot with an arrow by a centaur warrior

Illustrated notes

Levels and vault maps discovered:
D:1:      amcnicky_arrival_double_pillar, layout_loops_ring,
          shapermc_ecumenical_altar_flowoftime
D:2:      layout_basic, serial_shops, shop
D:3:      layout_basic, old_standard_altar, serial_shops,
          nicolae_shop_overgrown_old_shop, uniq_terence, uniq_grinder, uniq_ijyb
D:4:      layout_basic, grunt_dithmenos_smoke_and_mirrors,
          ebering_ghost_disaster_area, uniq_eustachio
D:5:      layout_basic, nicolae_overflow_crystal_walls, lemuel_old_faithful
D:6:      layout_rooms, dk_rats_in_the_wall
D:7:      layout_cave_pools, nicolae_ru_path_of_blood,
          kennysheep_vampire_church, minmay_temple_entry_butterflies,
          enter_ossuary_2, kennysheep_flooded_box,
          eino_small_chamber_without_monster, nrook_pool_corridor, minivault_4
D:8:      layout_rooms, lemuel_tele_altar, serial_shops, shop_fountains,
          uniq_harold
D:9:      layout_irregular_city
D:10:     layout_basic, kennysheep_small_circle
Temple:   kb_temple_of_zot

Skill      XL: |  1  2  3  4  5  6  7  8  9 10 |
---------------+-------------------------------+-----
Stealth        | 5 6 8 10 12 | 12.2
Short Blades   | 2 3 4 5 6 8 |  8.2
Hexes          | 5 8 |  8.2
Spellcasting   | 3 4 |  4.4
Fighting       | 1 4 |  4.2
Dodging        | 3 7 10 12 | 12.1

Action                   |  1- 3 |  4- 6 |  7- 9 | 10-12 || total
-------------------------+-------+-------+-------+-------++-------
Melee: Dagger            |   107 |   131 |   503 |   101 ||   842
 Cast: Ensorcelled Hiber |     4 |    11 |    49 |    25 ||    89
       Confusing Touch   |       |     2 |    30 |     3 ||    35
       Tukima's Dance    |       |       |    24 |     9 ||    33
Invok: Animate Remains   |    12 |    16 |     8 |       ||    36
       Animate Dead      |       |       |     9 |    10 ||    19
  Use: Scroll            |     1 |     8 |     7 |     2 ||    18
 Stab: Sleeping          |    15 |    11 |    49 |    13 ||    88
       Confused          |       |     4 |    25 |     3 ||    32
       Distracted        |       |     1 |     4 |     1 ||     6
Armor: Robe              |    21 |    22 |    74 |    18 ||   135
Dodge: Dodged            |    70 |    55 |   291 |    62 ||   478
Block: Other             |       |    20 |    81 |    19 ||   120

Table legend: (Time is in decaauts)
 A = Elapsed time spent in this place.
 B = Non-inter-level travel time spent in this place.
 C = Inter-level travel time spent in this place.
 D = Time resting spent in this place.
 E = Time spent auto-exploring this place.
 F = Levels seen in this place.
 G = Mean time per level.
                   A        B        C        D        E       F      G
               +--------+--------+--------+--------+--------+-----+--------+
         Total |  11040 |  10663 |    377 |   2788 |   5861 |  12 |  920.0 |
       Dungeon |  10579 |  10212 |    367 |   2788 |   5692 |  10 | 1057.9 |
        Temple |     71 |     61 |     10 |      0 |     61 |   1 |   71.0 |
       Ossuary |    389 |    389 |      0 |      0 |    107 |   1 |  389.0 |
               +--------+--------+--------+--------+--------+-----+--------+

Top non-repeatable levels by time:
     D:2: 1676 daAuts
     D:5: 1464 daAuts
     D:7: 1396 daAuts
     D:6: 1334 daAuts
     D:4: 1196 daAuts
     D:1: 921 daAuts
     D:8: 840 daAuts
     D:3: 786 daAuts
     D:9: 623 daAuts
 Ossuary: 389 daAuts
    D:10: 339 daAuts
  Temple: 71 daAuts
